 Dungeon Crawl Stone Soup version 0.30-a0-918-g0ff054e9dc (webtiles) character file.

Game seed: 318305845749082004

459 Firecrotchwizard the Cleaver (level 7, -10/63 HPs)
             Began as a Hill Orc Monk on Mar 20, 2023.
             Killed from afar by Blork the orc (12 damage)
             ... with a puff of frost
             ... on level 5 of the Dungeon.
             The game lasted 00:11:21 (3872 turns).

Firecrotchwizard the Cleaver (Hill Orc Monk)        Turns: 3872, Time: 00:11:21

Health: -10/63     AC: 10    Str: 16    XL:     7   Next: 6%
Magic:  7/7        EV: 10    Int: 10    God:
Gold:   284        SH:  0    Dex: 13    Spells: 6/6 levels left

rFire   . . .      SeeInvis .    a - +0 hand axe
rCold   . . .      Faith    +    (no shield)
rNeg    . . .      Spirit   .    w - +0 scale mail
rPois   .          Reflect  .    m - +0 helmet
rElec   .          Rampage  .    (no cloak)
rCorr   .                        g - +2 pair of gloves
Will    .....                    (no boots) Stlth
                                 j - amulet of faith
HPRegen 0.30/turn                (no ring)
MPRegen 0.10/turn                (no ring)

@: lethally poisoned (-10 -> -11)
A: no striking features
a: no special abilities


You were on level 5 of the Dungeon.
You visited 1 branch of the dungeon, and saw 5 of its levels.
You also visited: Sewer.

You collected 284 gold pieces.

Inventory:

Hand Weapons
 a - a +0 hand axe (weapon)
 k - a +0 battleaxe
   (You found it on level 1 of the Dungeon)
 C - a +0 trident
   (You found it on level 1 of the Dungeon)
Missiles
 o - 4 boomerangs
 r - 7 poisoned darts
 s - 15 stones (quivered)
Armour
 b - a +0 robe
 d - a +0 ring mail
   (You found it on level 1 of the Dungeon)
 g - a +2 pair of gloves (worn)
   (You found it on level 1 of the Dungeon)
 m - a +0 helmet (worn)
   (You found it on level 3 of the Dungeon)
 w - a +0 scale mail (worn)
   (You found it on level 3 of the Dungeon)
Jewellery
 j - an amulet of faith (around neck)
   (You found it on level 1 of the Dungeon)
Wands
 i - a wand of iceblast (6)
   (You took it off Ijyb on level 5 of the Dungeon)
 q - a wand of flame (15)
   (You found it on level 5 of the Dungeon)
Scrolls
 c - 4 scrolls of teleportation {unknown}
 e - 2 scrolls of identify {unknown}
 l - 2 scrolls of fear {unknown}
 n - a scroll of blinking {unknown}
 x - 2 scrolls of vulnerability {unknown}
 y - a scroll of enchant weapon {unknown}
 A - a scroll of brand weapon {unknown}
 B - a scroll of immolation {unknown}
 D - 2 scrolls of magic mapping {unknown}
Potions
 f - 4 potions of brilliance {unknown}
 h - 2 potions of heal wounds {unknown}
 p - 2 potions of might {unknown}
 t - 3 potions of lignification {unknown}
 u - 2 potions of mutation {unknown}
 v - 3 potions of curing {unknown}
 z - a potion of resistance {unknown}
 G - 2 potions of ambrosia {!q}


   Skills:
 + Level 6.0 Fighting
 * Level 8.7 Axes
 - Level 2.4 Dodging
 - Level 1.5 Stealth


You had 6 spell levels left.
You didn't know any spells.
Your spell library contained the following spells:

 Spells                   Type           Power      Damage    Failure   Level
 Inner Flame              Hex/Fire       0%         N/A       99%         3
 Flame Wave               Conj/Fire      0%         2d4       100%        4
 Sticky Flame             Conj/Fire      0%         2d3       100%        4


Dungeon Overview and Level Annotations

Branches:
Dungeon (5/15)              Sewer (visited)
 Temple: D:4-7

Altars:
Hepliaklqana
Kikubaaqudgha
Uskayaw
Vehumet

Annotations:
D:2 Sigmund
D:5 Blork the orc


Message History

You miss the ufetubus.
The adder hisses angrily.
You punch the ufetubus, but do no damage.
The ufetubus barely misses you. The ufetubus completely misses you.
The ufetubus barely misses you. The ufetubus misses you.
You hit the ufetubus. The ufetubus barely misses you.
The ufetubus hits you but does no damage.
You hit the ufetubus. The ufetubus closely misses you.
The ufetubus barely misses you.
You hit the ufetubus.
You kill the ufetubus!
The adder closely misses you.
You miss the adder. The adder barely misses you.
You miss the adder. The adder completely misses you.
You barely miss the adder. The adder closely misses you.
You slash the adder! The adder bites you but does no damage.
The adder misses you.
You closely miss the adder. The adder bites you but does no damage.
You hit the adder.
You kill the adder!
Your Fighting skill increases to level 6!
You have reached level 7!
Health restored: 63; MP restored: 7
q - a wand of flame (15);
D - 2 scrolls labelled TIANKU YMOR You now have 284 gold pieces (gained 10).
Blork the orc comes into view.
He is wielding a +0 trident and wearing a +2 robe of fire resistance.
Blork the orc shouts!
Blork the orc moves out of view. 2 adders come into view.
The adder hisses angrily. x2
Blork the orc closely misses you.
You hit Blork the orc but do no damage. Blork the orc closely misses you.
You hit Blork the orc.
Blork the orc looks braver for a moment.
You barely miss Blork the orc.
Blork the orc hits you with a +0 trident.
The adder bites you but does no damage.
You take 5 damage, and have 58/63 hp.
You hit Blork the orc. You hit the adder. The adder barely misses you.
You hit Blork the orc. You hit the adder. You slash the adder!
Blork the orc closely misses you. The adder closely misses you.
The adder bites you but does no damage. Blork the orc barely misses you.
You hit the adder but do no damage.
Blork the orc hits you from afar with a +0 trident!
You take 7 damage, and have 52/63 hp.
You hit the adder. You miss the adder. The adder closely misses you.
The adder bites you.
Blork the orc hits you but does no damage.
The adder bites you but does no damage.
You take 3 damage, and have 49/63 hp.
You miss the adder. You hit the adder but do no damage.
The adder barely misses you. Blork the orc barely misses you.
The adder bites you.
You take 2 damage, and have 47/63 hp.
You barely miss the adder. Your punch misses the adder.
You barely miss the adder. The adder barely misses you.
The adder closely misses you.
Blork the orc gestures wildly while chanting.
Blork the orc seems to speed up.
You closely miss the adder. You miss the adder.
The adder bites you but does no damage.
Blork the orc hits you from afar with a +0 trident!
The adder closely misses you.
You take 8 damage, and have 40/63 hp.
You hit the adder but do no damage. You barely miss the adder.
The adder bites you but does no damage.
Blork the orc hits you from afar with a +0 trident.
The adder bites you.
You are poisoned.
The adder poisons you!
You take 6 damage, and have 34/63 hp.
You hit the adder.
You kill the adder!
You miss the adder.
You feel sick.
Blork the orc hits you from afar with a +0 trident.
The adder bites you.
Blork the orc hits you from afar with a +0 trident.
You take 12 damage, and have 22/63 hp.
You feel sick. The adder bites you but does no damage.
Blork the orc hits you with a +0 trident!
* * * LOW HITPOINT WARNING * * *
You see here an adder corpse.
You take 7 damage, and have 15/63 hp.
You completely miss Blork the orc. You slash the adder!
You kill the adder!
You feel sick.
Blork the orc hits you with a +0 trident!
* * * LOW HITPOINT WARNING * * *
You take 8 damage, and have 7/63 hp.
You barely miss Blork the orc.
You feel sick.
Blork the orc hits you with a +0 trident.
* * * LOW HITPOINT WARNING * * *
You take 4 damage, and have 3/63 hp.
You hit Blork the orc but do no damage.
* * * LOW HITPOINT WARNING * * *
You feel sick.
Blork the orc gestures at you while chanting.
The puff of frost hits you!
You die...

.... # .... #. #..< ##..
#.#. ....### #.#.
....... #########...
....... #...........
.......### #...........
......o@.####...........
.......#†..##...........
.......###..............
....... ###............
[...... #............
....... ##...........
....... #.####..####
####### #.....>## #
######.# #


You could see Blork the orc (fast).

Vanquished Creatures
  2 scorpions (D:4)
  A jelly (D:4)
  Ijyb (D:5)
  8 adders
  7 gnolls
  A river rat (Sewer)
  A white imp (D:5)
  2 ufetubi
  4 worms
  3 dart slugs
  3 orcs (D:4)
  9 ball pythons
  5 bats
  2 endoplasms
  3 giant cockroaches (D:3)
  19 goblins
  11 hobgoblins
  14 kobolds
  3 quokkas
  A frilled lizard (D:1)
  4 rats
104 creatures vanquished.

Notes
Turn   | Place    | Note
-------+----------+-------------------------------------------
     0 | D:1      | Firecrotchwizard the Hill Orc Monk began the quest for the
                  | Orb.
     0 | D:1      | Reached XP level 1. HP: 19/19 MP: 1/1
   101 | D:2      | Noticed Sigmund
   167 | D:1      | Reached XP level 2. HP: 26/27 MP: 2/2
   339 | D:1      | Reached skill level 4 in Fighting
   565 | D:2      | Reached skill level 5 in Axes
   600 | D:3      | Found a glowing drain.
   616 | D:3      | Reached XP level 3. HP: 32/33 MP: 3/3
   752 | Sewer    | Entered a sewer
   986 | Sewer    | Reached XP level 4. HP: 41/41 MP: 4/4
  1004 | Sewer    | Reached skill level 6 in Axes
  1967 | D:3      | Reached XP level 5. HP: 42/47 MP: 5/5
  2329 | D:4      | Found an ancient bone altar of Kikubaaqudgha.
  2331 | D:4      | Found a hazy altar of Hepliaklqana.
  2408 | D:4      | Reached skill level 5 in Fighting
  2408 | D:4      | Reached skill level 7 in Axes
  2642 | D:4      | Reached XP level 6. HP: 56/56 MP: 6/6
  2662 | D:4      | Found a radiant altar of Vehumet.
  2925 | D:4      | HP: 13/56 [hobgoblin/+0 scythe (2)]
  2927 | D:4      | HP: 3/56 [hobgoblin/+0 scythe (11)]
  2940 | D:4      | HP: 4/56 [hobgoblin/+0 scythe (2)]
  3223 | D:4      | Found a hide-covered altar of Uskayaw.
  3272 | D:5      | Entered Level 5 of the Dungeon
  3285 | D:5      | Noticed Ijyb
  3302 | D:4      | Reached skill level 8 in Axes
  3554 | D:5      | Killed Ijyb
  3830 | D:5      | Reached skill level 6 in Fighting
  3830 | D:5      | Reached XP level 7. HP: 63/63 MP: 7/7
  3852 | D:5      | Noticed Blork the orc
  3869 | D:5      | HP: 15/63 [Blork the orc/+0 trident (7)]
  3870 | D:5      | HP: 7/63 [Blork the orc/+0 trident (7)]
  3871 | D:5      | HP: 3/63 [Blork the orc/+0 trident (3)]
  3872 | D:5      | Killed from afar by Blork the orc

Illustrated notes

Levels and vault maps discovered:
D:1:      lightli_arrival_maybe_door_vault, layout_rooms
D:2:      layout_rooms, hellmonk_ecumenical_altar_inner_sanctum, uniq_sigmund
D:3:      cheibrodos_greedy_goblins, layout_basic, portal_sewer_entry_f
D:4:      layout_rooms, nicolae_vehumet_radiance,
          chequers_temple_overflow_statue_of_worship,
          eat_drink_and_be_merry_uskayaw, sigmund_army
D:5:      layout_basic, uniq_ijyb, uniq_blork_the_orc

Skill      XL: |  1  2  3  4  5  6 |
---------------+-------------------+-----
Fighting       | 4 5 6 |  6.0
Axes           | 5 6 7 8 |  8.7
Dodging        | |  2.4
Stealth        | |  1.5

Action                     |  1- 3 |  4- 6 |  7- 9 || total
---------------------------+-------+-------+-------++-------
  Melee: Hand axe          |   118 |   339 |    15 ||   472
         Punch             |     1 |     6 |       ||     7
  Throw: Dart              |       |     6 |       ||     6
 Armour: Robe              |     5 |       |       ||     5
         Ring mail         |    31 |    10 |       ||    41
         Scale mail        |       |   111 |     7 ||   118
  Dodge: Dodged            |    86 |   182 |    12 ||   280

Table legend: (Time is in decaauts)
 A = Elapsed time spent in this place.
 B = Non-inter-level travel time spent in this place.
 C = Inter-level travel time spent in this place.
 D = Time resting spent in this place.
 E = Time spent auto-exploring this place.
 F = Levels seen in this place.
 G = Mean time per level.
                   A        B        C        D        E       F      G
               +--------+--------+--------+--------+--------+-----+--------+
         Total |   3956 |   3796 |    160 |    442 |   2157 |   6 |  659.3 |
       Dungeon |   3289 |   3129 |    160 |    342 |   1889 |   5 |  657.8 |
         Sewer |    666 |    666 |      0 |    100 |    267 |   1 |  666.0 |
               +--------+--------+--------+--------+--------+-----+--------+

Top non-repeatable levels by time:
     D:3: 1414 daAuts
     D:4: 832 daAuts
   Sewer: 666 daAuts
     D:1: 488 daAuts
     D:5: 457 daAuts
     D:2: 97 daAuts

Table legend:
 A = Kills in this place as a percentage of kills in the entire game.
 B = Kills by you in this place as a percentage of kills by you in the entire game.
 C = Kills by friends in this place as a percentage of kills by friends in the entire game.
 D = Other kills in this place as a percentage of other kills in the entire game.
 E = Experience gained in this place as a percentage of experience gained in the entire game.
 F = Experience gained in this place divided by the number of levels of this place that you have seen.
                   A       B       C       D       E      F
               +-------+-------+-------+-------+-------+----------------------
         Total | 100.0 | 100.0 |   N/A |   N/A | 100.0 | 109.5
       Dungeon |  82.7 |  82.7 |   N/A |   N/A |  87.5 | 115.0
         Sewer |  17.3 |  17.3 |   N/A |   N/A |  12.5 |  82.0
               +-------+-------+-------+-------+-------+----------------------
